 Dungeon Crawl Stone Soup version 0.27-a0-1590-g15f69828bf (webtiles) character file.

Game seed: 5995701922712113689

32 CowFu the Chopper (level 3, 0/31 HPs)
             Began as a Minotaur Berserker on July 18, 2021.
             Was a Follower of Trog.
             Slain by an ufetubus (2 damage)
             ... on level 2 of the Dungeon.
             The game lasted 00:00:39 (1045 turns).

CowFu the Chopper (Minotaur Berserker)              Turns: 1045, Time: 00:00:40

Health: 0/31       AC:  2    Str: 22    XL:     3   Next: 8%
Magic:  2/2        EV: 12    Int:  4    God:    Trog [*.....]
Gold:   78         SH:  0    Dex:  9    Spells: 2/2 levels left

rFire    . . .     SeeInvis .   a - +0 hand axe
rCold    . . .     Faith    .   (no shield)
rNeg     . . .     Spirit   .   g - +0 animal skin
rPois    .         Reflect  .   (helmet restricted)
rElec    .         Harm     .   (no cloak)
rCorr    .         Rampage  .   (no gloves)
Will     .....                  (no boots)
Stlth    +.........             (no amulet)
HPRegen  0.10/turn              (no ring)
MPRegen  0.08/turn              (no ring)

@: no status effects
A: horns 2, retaliatory headbutt
a: Renounce Religion, Berserk


You were on level 2 of the Dungeon.
You worshipped Trog.
Trog was aware of your devotion.
You visited 1 branch of the dungeon, and saw 2 of its levels.

You collected 78 gold pieces.

Inventory:

Hand Weapons
 a - a +0 hand axe (weapon)
 b - a +0 flail
Armour
 g - a +0 animal skin (worn)
Scrolls
 c - a scroll of holy word {unknown}
 d - a scroll of identify {unknown}
 e - a scroll of blinking {unknown}
 f - a scroll of noise {unknown}
Potions
 h - a potion of magic {unknown}


   Skills:
 - Level 3.6 Fighting
 + Level 5.2 Axes
 - Level 2.4 Armour
 - Level 2.1 Dodging


You had 2 spell levels left.
You didn't know any spells.
Your spell library was empty.

Dungeon Overview and Level Annotations

Branches:
Dungeon (2/15)

Altars:


Innate Abilities, Weirdness & Mutations

You have a pair of horns on your head.
You reflexively headbutt those who attack you in melee.


Message History

An ufetubus is nearby!
Found a brown potion.
An ufetubus is nearby!
You closely miss the ufetubus. The ufetubus barely misses you.
The ufetubus hits you. The ufetubus misses you.
The ufetubus closely misses you.
An ufetubus is nearby!
You hit the ufetubus. Your headbutt misses the ufetubus.
The ufetubus is moderately wounded.
The ufetubus misses you.
The ufetubus hits you but does no damage.
An ufetubus is nearby!
You hit the ufetubus.
The ufetubus is heavily wounded.
The ufetubus hits you. The ufetubus closely misses you. The ufetubus hits you.
The ufetubus barely misses you.
An ufetubus is nearby!
You miss the ufetubus.
The ufetubus is heavily wounded.
The ufetubus hits you. The ufetubus barely misses you.
An ufetubus is nearby!
You closely miss the ufetubus. Your headbutt misses the ufetubus.
The ufetubus is heavily wounded.
The ufetubus hits you. The ufetubus closely misses you.
The ufetubus hits you but does no damage.
The ufetubus barely misses you.
An ufetubus is nearby!
You hit the ufetubus.
The ufetubus is almost dead.
The ufetubus hits you. x2
* * * LOW HITPOINT WARNING * * *
An ufetubus is nearby!
You closely miss the ufetubus. Your headbutt misses the ufetubus.
The ufetubus is severely wounded.
The ufetubus hits you.
* * * LOW HITPOINT WARNING * * *
The ufetubus hits you.
* * * LOW HITPOINT WARNING * * *
The ufetubus hits you.
You die...

..# .. # #.#
#.###..####
#.!.......##
...........
#....5#.#
#@#.######
#....<....
...####.###.##
.........##.#
.#.####_....#
#...<...####
#.####..##
#...#
.......#.#


You could see an ufetubus.

Vanquished Creatures
  A worm (D:2)
  A bat (D:1)
  2 endoplasms
  2 giant cockroaches
  5 goblins
  4 hobgoblins
  3 kobolds
  2 quokkas (D:1)
  3 ball pythons (D:1)
  A frilled lizard (D:1)
24 creatures vanquished.

Notes
Turn   | Place    | Note
-------+----------+-------------------------------------------
     0 | D:1      | CowFu the Minotaur Berserker began the quest for the Orb.
     0 | D:1      | Reached XP level 1. HP: 19/19 MP: 0/0
   115 | D:1      | Reached skill level 4 in Axes
   222 | D:1      | Reached XP level 2. HP: 26/26 MP: 1/1
   800 | D:2      | Reached skill level 5 in Axes
   862 | D:2      | Reached XP level 3. HP: 26/31 MP: 2/2
  1025 | D:2      | Found a faded altar of an unknown god.
  1045 | D:2      | Slain by an ufetubus

Illustrated notes

Levels and vault maps discovered:
D:1:      giann_bridges, layout_basic, minmay_stone_trees_small
D:2:      layout_basic, basic_ecumenical_altar, minmay_unequal, uniq_sigmund,
          uniq_jessica

Skill      XL: |  1  2 |
---------------+-------+-----
Axes           | 4 5 |  5.2
Fighting       | |  3.6
Armour         | |  2.4
Dodging        | |  2.1

Action                   || total
-------------------------++-------
Melee: Hand axe          ||    47
       Headbutt          ||    10
Armor: Animal skin       ||     4
Dodge: Dodged            ||    40

Table legend: (Time is in decaauts)
 A = Elapsed time spent in this place.
 B = Non-inter-level travel time spent in this place.
 C = Inter-level travel time spent in this place.
 D = Time resting spent in this place.
 E = Time spent auto-exploring this place.
 F = Levels seen in this place.
 G = Mean time per level.
                   A        B        C        D        E       F      G
               +--------+--------+--------+--------+--------+-----+--------+
         Total |   1048 |   1010 |     38 |      0 |    871 |   2 |  524.0 |
       Dungeon |   1048 |   1010 |     38 |      0 |    871 |   2 |  524.0 |
               +--------+--------+--------+--------+--------+-----+--------+

Top non-repeatable levels by time:
     D:1: 777 daAuts
     D:2: 270 daAuts
